 Dungeon Crawl Stone Soup version 0.27-a0-906-g0a00ce863d (webtiles) character file.

Game seed: 6365336338497834367

49 Lanoc the Grave Robber (level 3, 0/24 HPs)
             Began as a Barachi Necromancer on Apr 6, 2021.
             Slain by a worm (10 damage)
             ... on level 2 of the Dungeon.
             The game lasted 00:02:57 (1895 turns).

Lanoc the Grave Robber (Barachi Necromancer)        Turns: 1895, Time: 00:02:57

Health: 0/24       AC:  2    Str:  9    XL:     3   Next: 75%
Magic:  1/6        EV: 12    Int: 16    God:
Gold:   50         SH:  0    Dex: 12    Spells: 2/6 levels left

rFire    . . .     SeeInvis .   (no weapon)
rCold    . . .     Faith    .   (no shield)
rNeg     . . .     Spirit   .   a - +0 robe
rPois    .         Reflect  .   (no helmet)
rElec    .         Harm     .   (no cloak)
rCorr    .         Rampage  .   (no gloves)
Will     .....                  (no boots)
Stlth    ++........             (no amulet)
HPRegen  0.08/turn              (no ring)
MPRegen  0.10/turn              (no ring)

@: slow
A: +LOS, amphibious, slowness 1, strong legs 1
a: Hop


You were on level 2 of the Dungeon.
You visited 1 branch of the dungeon, and saw 2 of its levels.

You collected 50 gold pieces.

Inventory:

Armour
 a - a +0 robe (worn)
Scrolls
 b - a scroll of magic mapping {unknown}
 d - 2 scrolls of identify {unknown}
 f - a scroll of enchant armour {unknown}
 g - a scroll of noise {unknown}
Potions
 c - a potion of curing {unknown}
 e - a potion of magic {unknown}


   Skills:
 + Level 3.0 Dodging
 - Level 1.7 Stealth
 - Level 2.1 Spellcasting
 * Level 4.5 Necromancy


You had 2 spell levels left.
You knew the following spells:

 Your Spells              Type           Power      Damage    Failure   Level
a - Pain                  Necr           64%        1d7       3%          1
b - Vampiric Draining     Necr           8%         2d7       10%         3

Your spell library contained the following spells:

 Spells                   Type           Power      Damage    Failure   Level
 Animate Skeleton         Necr           32%        N/A       3%          1
 Apportation              Tloc           2%         N/A       21%         1
 Corona                   Hex            1%         N/A       21%         1
 Summon Small Mammal      Summ           4%         N/A       21%         1
 Animate Dead             Necr           8%         N/A       32%         4
 Agony                    Necr           16%        N/A       65%         5
 Haunt                    Necr/Summ      4%         N/A       100%        7
 Malign Gateway           Summ/Tloc      0%         N/A       100%        7
 Monstrous Menagerie      Summ           0%         N/A       100%        7
 Summon Horrible Things   Summ           0%         N/A       100%        8


Dungeon Overview and Level Annotations

Branches:
Dungeon (2/15)

Altars:
Uskayaw


Innate Abilities, Weirdness & Mutations

You can be seen from farther away. (+LOS)
You are amphibious.
You cover ground slowly.
You can hop short distances.


Message History

The worm closely misses you.
You barely miss the worm.
The worm is severely wounded.
You hit the worm but do no damage.
The worm is severely wounded.
The worm barely misses you.
You hit the worm.
The worm is severely wounded.
The worm bites you!
Casting: Pain (safe; 3% risk of failure)
Confirm with . or Enter, or press ? or * to list all spells.
Aiming: Pain (safe; 3% risk of failure)
Press: ? - help, Shift-Dir - straight line, f/p - worm
Aim: a worm (severely wounded, chance to affect: 81%)
The worm writhes in agony.
You hit the worm.
The worm is almost dead.
The worm completely misses you.
You barely miss the worm.
The worm is almost dead.
You hit the worm but do no damage.
The worm is almost dead.
The worm closely misses you.
You hit the worm but do no damage.
The worm is almost dead.
The worm barely misses you.
You hit the worm but do no damage.
The worm is severely wounded.
You hit the worm.
The worm is almost dead.
The worm misses you.
You hit the worm but do no damage.
The worm is severely wounded.
You hit the worm.
The worm is almost dead.
The worm closely misses you.
You hit the worm.
The worm is almost dead.
The worm bites you!
You die...

.#.##.####...######.
.#.##.##...#.........
.#.##.#..#..######### .#
#..##.##.## ##### ###.##
....w.##.⌠.##.###...
#.....
####.####.####.##.######..
.....# #..
.#.#.#.†......... #. ...#
# #.⌠.#.w....#### #...
###. #.#.#..@.......# #.r#
#. #.##.......##.#>.#. #(
8.# #....!..†.....!. . #.#
#..##.##..#.#..#. ## #.#.
#.##..# # #.⌠.# #....... #
##.# #.....#.. # ##
#.#####.#.# #.# # #


You could see a worm.

Vanquished Creatures
  An adder (D:2)
  A bat (D:2)
  3 endoplasms (D:2)
  2 giant cockroaches
  7 goblins
  A hobgoblin (D:1)
  5 jackals (D:2)
  A kobold (D:1)
  2 quokkas (D:1)
  8 ball pythons
  A frilled lizard (D:1)
  3 rats (D:1)
35 creatures vanquished.

Notes
Turn   | Place    | Note
-------+----------+-------------------------------------------
     0 | D:1      | Lanoc the Barachi Necromancer began the quest for the Orb.
     0 | D:1      | Reached XP level 1. HP: 13/13 MP: 3/3
   458 | D:1      | Reached XP level 2. HP: 12/19 MP: 0/5
   775 | D:1      | Reached skill level 4 in Necromancy
  1384 | D:2      | Reached XP level 3. HP: 19/24 MP: 0/6
  1496 | D:2      | Found a hide-covered altar of Uskayaw.
  1734 | D:2      | Learned a level 3 spell: Vampiric Draining
  1895 | D:2      | Slain by a worm

Illustrated notes

Levels and vault maps discovered:
D:1:      scummos_arrival_simple_fountains, layout_loops_ring, serial_glass,
          glass_columns_c, glass_columns_c, glass_columns_a, glass_columns_b,
          glass_columns_b, glass_columns_b, glass_columns_a, glass_columns_a
D:2:      layout_loops_ring, basic_altar, grunt_decor_mini_mirrors, st_stairs_2,
          chequers_arboretum

Skill      XL: |  1  2  3 |
---------------+----------+-----
Necromancy     | 4 |  4.5
Dodging        | 3 |  3.0
Stealth        | |  1.7
Spellcasting   | |  2.1

Action                   || total
-------------------------++-------
Melee: Unarmed           ||    19
 Cast: Pain              ||    67
Armor: Robe              ||     1
Dodge: Dodged            ||    19

Table legend: (Time is in decaauts)
 A = Elapsed time spent in this place.
 B = Non-inter-level travel time spent in this place.
 C = Inter-level travel time spent in this place.
 D = Time resting spent in this place.
 E = Time spent auto-exploring this place.
 F = Levels seen in this place.
 G = Mean time per level.
                   A        B        C        D        E       F      G
               +--------+--------+--------+--------+--------+-----+--------+
         Total |   2053 |   2015 |     38 |     29 |   1720 |   2 | 1026.5 |
       Dungeon |   2053 |   2015 |     38 |     29 |   1720 |   2 | 1026.5 |
               +--------+--------+--------+--------+--------+-----+--------+

Top non-repeatable levels by time:
     D:1: 1552 daAuts
     D:2: 501 daAuts
